 Dungeon Crawl Stone Soup version 0.28-a0-1130-gc51a68064b (webtiles) character file.

Game seed: 18318097075830713320

1652 rogsnak the Conjurer (level 8, 0/53 (55) HPs)
             Began as a Demonspawn Air Elementalist on Dec 13, 2021.
             Was an Initiate of Sif Muna.
             Slain by a wight (12 damage)
             ... on level 7 of the Dungeon.
             The game lasted 00:14:53 (7741 turns).

rogsnak the Conjurer (Demonspawn Air Elementalist)  Turns: 7741, Time: 00:14:54

HP:   0/53 (55)     AC:  7    Str:  9    XL:     8   Next: 68%
MP:   15/15         EV: 13    Int: 18    God:    Sif Muna [......]
Gold: 230           SH:  0    Dex: 14    Spells: 9/17 levels left

rFire   . . .      SeeInvis .   I - +4 morningstar (freeze)
rCold   . . .      Faith    .   (no shield)
rNeg    . . .      Spirit   .   a - +0 robe
rPois   .          Reflect  .   b - +0 helmet
rElec   .          Harm     .   G - +0 cloak
rCorr   +          Rampage  .   (no gloves)
Will    +....                   (no boots)
Stlth   ++........              (no amulet)
HPRegen 0.17/turn               j - ring of willpower
MPRegen 0.14/turn               D - ring of resist corrosion

@: lightly drained
A: claws 1, molten scales 2, foul stench 2, powered by death 1
a: Renounce Religion


You were on level 7 of the Dungeon.
You worshipped Sif Muna.
Sif Muna was noncommittal.
You visited 2 branches of the dungeon, and saw 8 of its levels.

You collected 230 gold pieces.

Inventory:

Hand Weapons
 e - a +0 dagger
 f - a +0 mace
 m - a +0 war axe
 A - a +0 morningstar
 C - a +1 short sword of draining
 F - a +4 quarterstaff of chaos
 H - a +1 mace of protection
 I - a +4 morningstar of freezing (weapon)
Missiles
 k - 133 stones
Armour
 a - a +0 robe (worn)
 b - a +0 helmet (worn)
 g - a +0 buckler
 y - the +5 ring mail of Noon {rElec rPois Str+4 Stlth+}
   (You found it on level 4 of the Dungeon)

   Str:       It affects your strength (+4).
   rElec:     It insulates you from electricity.
   rPois:     It protects you from poison.
   Stlth:     It makes you more stealthy.
 G - a +0 cloak (worn)
Magical Staves
 t - a staff of fire
Jewellery
 j - a ring of willpower (left claw)
 B - an amulet of guardian spirit
 D - a ring of resist corrosion (right claw)
Wands
 E - a wand of charming (7)
Scrolls
 d - 7 scrolls of teleportation {unknown}
 l - 10 scrolls of identify {unknown}
 p - a scroll of amnesia {unknown}
 q - 2 scrolls of fog {unknown}
 s - a scroll of vulnerability {unknown}
 u - a scroll of blinking {unknown}
 x - a scroll of magic mapping {unknown}
Potions
 c - a potion of heal wounds {unknown}
 h - a potion of attraction {unknown}
 i - 3 potions of ambrosia {unknown}
 n - a potion of haste {unknown}
 o - a potion of degeneration {unknown}
 r - a potion of mutation {unknown}
 v - 4 potions of curing {unknown}
 w - a potion of brilliance {unknown}
 z - a potion of might {unknown}


   Skills:
 + Level 1.6 Fighting
 + Level 2.9 Dodging
 - Level 1.7 Stealth
 + Level 5.3 Spellcasting
 * Level 7.2 Conjurations
 + Level 5.6 Air Magic


You had 9 spell levels left.
You knew the following spells:

 Your Spells              Type           Power      Damage    Failure   Level
a - Shock                 Conj/Air       100%       1d9       1%          1
b - Swiftness             Air            25%        N/A       3%          3
c - Airstrike             Air            12%        N/A       13%         4

Your spell library contained the following spells:

 Spells                   Type           Power      Damage    Failure   Level
 Static Discharge         Conj/Air       27%        N/A       1%          2


Dungeon Overview and Level Annotations

Branches:
Dungeon (7/15)             Temple (1/1) D:6

Altars:
Ashenzari
Fedhas
Hepliaklqana
Makhleb
Nemelex Xobeh
Ru
Sif Muna
Trog
Uskayaw
Vehumet
Wu Jian
Xom
Yredelemnul
Zin
The Shining One

Shops:
D:2 !([?

Annotations:
D:4 1 runed translucent door, losyanya's ghost, amateur DrAE


Innate Abilities, Weirdness & Mutations

You have sharp fingernails.
You are mostly covered in molten scales. (AC +3)
You sometimes emit foul miasma when damaged in melee.
You regenerate a little health from kills.


Message History

Things that are here:
a +0 short sword; a +0 robe
Found a scroll of immolation.
You hear the faint creaking of a distant portcullis.
You hear the slow hiss of a very distant avalanche of sand. 3 wights come into view.
A wight is wielding a +2 battleaxe of freezing.
Found a stone staircase leading up.
The wight misses you.
You closely miss the wight. The wight closely misses you. x2
The wight hits you with a +0 hand axe.
You emit a cloud of foul miasma!
You hit the wight but do no damage. The wight hits you but does no damage.
The wight hits you with a +2 battleaxe of freezing!
You feel drained. The wight freezes you. The wight misses you.
The wight barely misses you.
The wight hits you with a +2 great sword!
You feel drained.
You puncture the wight!
The wight is heavily damaged.
The wight closely misses you. x2
The wight hits you with a +2 battleaxe of freezing!
* * * LOW HITPOINT WARNING * * *
The wight freezes you.
* * * LOW HITPOINT WARNING * * *
The wight hits you but does no damage.
You hit the wight.
The wight is severely damaged.
The wight closely misses you. x2; The wight hits you but does no damage. x2
The wight closely misses you.
You sock the wight!
You destroy the wight!
Sif Muna accepts your kill. The wight barely misses you. x3
The wight completely misses you. The wight barely misses you.
Things that are here:
a +2 battleaxe of freezing; a +0 robe You sock the wight!
The wight is severely damaged.
The wight hits you with a +2 great sword!
You die...

##..## #.# ####...# #.#
##......### #.#
.......... #.#
.#.......## #.#
..........# #.##
........#.## #..#
##....z.#..#######.#
...<..z@##.....###.####
##......######........#
#......# ##.......#
#......# #......?#
######## #########


You could see 2 wights.

Vanquished Creatures
  Prince Ribbit (D:6)
  Eustachio (D:6)
  A necrophage (D:6)
  An ogre (D:5)
  A phantom (D:6)
  A scorpion (D:5)
  2 water moccasin zombies (D:5)
  A water moccasin skeleton (D:6)
  3 wights (D:7)
  2 howler monkeys
  A centaur skeleton (D:6)
  2 centaur zombies (D:5)
  A bullfrog zombie (D:6)
  2 hounds (D:6)
  Crazy Yiuf (D:6)
  2 jellies (D:5)
  2 bullfrog skeletons (D:6)
  2 iguanas
  An orc wizard (D:5)
  A hound skeleton (D:5)
  A mummy (D:5)
  A howler monkey skeleton (D:5)
  7 adders
  A shadow imp (D:5)
  2 white imps (D:6)
  3 ufetubi
  A worm (D:3)
  2 dart slugs
  13 orcs (D:5)
  7 endoplasms
  5 giant cockroaches
  5 goblins
  7 hobgoblins
  3 jackals (D:1)
  5 quokkas
  4 ball pythons
  3 bats (D:1)
  6 frilled lizards
  2 kobolds
  A kobold zombie (D:5)
  3 orc zombies (D:5)
  9 rats
120 creatures vanquished.

Notes
Turn   | Place    | Note
-------+----------+-------------------------------------------
     0 | D:1      | rogsnak the Demonspawn Air Elementalist began the quest for
                  | the Orb.
     0 | D:1      | Reached XP level 1. HP: 13/13 MP: 3/3
   249 | D:1      | Gained mutation: You are partially covered in molten
                  | scales. (AC +2) [demonic ancestry]
   249 | D:1      | Reached XP level 2. HP: 14/19 MP: 0/5
  1212 | D:2      | Found Edghosku's Magic Scroll Shop.
  1252 | D:2      | Gained mutation: You may rarely emit foul miasma when
                  | damaged in melee. [demonic ancestry]
  1252 | D:2      | Reached XP level 3. HP: 24/24 MP: 3/6
  1543 | D:2      | Found Zennu's Armour Shop.
  1816 | D:2      | Reached skill level 2 in Conjurations
  1855 | D:2      | Found Ysouwnol's Distillery.
  1890 | D:2      | Found Ysko's Antique Weapon Shop.
  2389 | D:3      | Found a faded altar of an unknown god.
  2441 | D:3      | Reached XP level 4. HP: 30/30 MP: 7/7
  3004 | D:3      | Gained mutation: You regenerate a little health from kills.
                  | [demonic ancestry]
  3004 | D:3      | Reached XP level 5. HP: 14/35 MP: 3/9
  3315 | D:4      | Reached skill level 3 in Conjurations
  3422 | D:4      | Identified the +5 ring mail of Noon {rElec rPois Str+4
                  | Stlth+}
  3429 | D:4      | Learned a level 3 spell: Swiftness
  3434 | D:4      | Learned a level 4 spell: Airstrike
  3513 | D:4      | Found a runed translucent door.
  3513 | D:4      | Noticed losyanya's ghost (amateur DrAE)
  3703 | D:5      | Entered Level 5 of the Dungeon
  4317 | D:5      | Gained mutation: You sometimes emit foul miasma when
                  | damaged in melee. [demonic ancestry]
  4317 | D:5      | Reached XP level 6. HP: 31/42 MP: 4/11
  4619 | D:5      | Reached skill level 4 in Conjurations
  4796 | D:5      | Gained mutation: You have sharp fingernails. [demonic
                  | ancestry]
  4796 | D:5      | Reached XP level 7. HP: 47/47 MP: 6/12
  5094 | D:5      | Reached skill level 5 in Conjurations
  6446 | D:6      | Noticed Eustachio
  6458 | D:6      | Noticed Prince Ribbit
  6546 | D:6      | Reached skill level 6 in Conjurations
  6546 | D:6      | Reached skill level 5 in Air Magic
  6593 | D:6      | Killed Eustachio
  6594 | D:6      | Reached skill level 1 in Fighting
  6594 | D:6      | Gained mutation: You are mostly covered in molten scales.
                  | (AC +3) [demonic ancestry]
  6594 | D:6      | Reached XP level 8. HP: 43/54 MP: 7/15
  7070 | D:6      | Killed Prince Ribbit
  7071 | D:6      | Reached skill level 5 in Spellcasting
  7171 | D:6      | Reached skill level 7 in Conjurations
  7297 | D:6      | Found a staircase to the Ecumenical Temple.
  7303 | Temple   | Entered the Ecumenical Temple
  7371 | Temple   | Became a worshipper of Sif Muna the Loreminder
  7475 | D:6      | Found a runed translucent door.
  7476 | D:6      | Noticed Crazy Yiuf
  7501 | D:6      | Killed Crazy Yiuf
  7741 | D:7      | Slain by a wight

Illustrated notes

Levels and vault maps discovered:
D:1:      wander_arrival_desolate, layout_loops_cross, columned_hall_lemuel,
          grunt_decor_one_mirror, minmay_split_cup_small
D:2:      layout_basic, serial_shops, nicolae_shop_waterfront,
          nicolae_lakefront_shop, shop, nicolae_lakefront_shop
D:3:      layout_loops_ring, basic_ecumenical_altar
D:4:      layout_rooms, ebering_ghost_inner_flame
D:5:      layout_layer_cave, minmay_mini_ossuary
D:6:      layout_cave_pools, temple_green, uniq_eustachio, uniq_prince_ribbit1,
          uniq_crazy_yiuf_cottage
D:7:      layout_rooms, grunt_temple_overflow_octagram, enter_bailey_4,
          gup_ossuary_entry_pyramid, grunt_tough_drop
Temple:   regret_index_temple_waves

Skill      XL: |  1  2  3  4  5  6  7  8 |
---------------+-------------------------+-----
Air Magic      | 3 4 5 |  5.6
Dodging        | 2 |  2.9
Conjurations   | 2 3 4 6 7 |  7.2
Spellcasting   | 3 4 5 |  5.3
Fighting       | 1 |  1.6
Stealth        | |  1.7

Action                   |  1- 3 |  4- 6 |  7- 9 || total
-------------------------+-------+-------+-------++-------
Melee: Dagger            |     4 |       |       ||     4
       Mace              |    18 |       |       ||    18
       War axe           |    11 |    15 |       ||    26
       Short sword       |       |    11 |    42 ||    53
       Morningstar       |       |     3 |     7 ||    10
 Cast: Shock             |    86 |   102 |   134 ||   322
 Stab: Sleeping          |       |       |     1 ||     1
Armor: Robe              |    21 |    13 |    29 ||    63
Dodge: Dodged            |    27 |    31 |    59 ||   117

Table legend: (Time is in decaauts)
 A = Elapsed time spent in this place.
 B = Non-inter-level travel time spent in this place.
 C = Inter-level travel time spent in this place.
 D = Time resting spent in this place.
 E = Time spent auto-exploring this place.
 F = Levels seen in this place.
 G = Mean time per level.
                   A        B        C        D        E       F      G
               +--------+--------+--------+--------+--------+-----+--------+
         Total |   7768 |   7595 |    173 |   2173 |   4182 |   8 |  971.0 |
       Dungeon |   7640 |   7522 |    118 |   2173 |   4168 |   7 | 1091.4 |
        Temple |    128 |     73 |     55 |      0 |     14 |   1 |  128.0 |
               +--------+--------+--------+--------+--------+-----+--------+

Top non-repeatable levels by time:
     D:5: 2352 daAuts
     D:6: 1497 daAuts
     D:1: 1123 daAuts
     D:3: 1024 daAuts
     D:2: 847 daAuts
     D:4: 726 daAuts
  Temple: 128 daAuts
     D:7: 69 daAuts
